 Seeded DCSS version 0.29-a0-378-gc08b2e8bf8 (webtiles) character file.

Game seed: 13605594255664981076 (custom seed)

878 thiscave3701365 the Chopper (level 7, -7/62 HPs)
             Began as a Minotaur Berserker on May 4, 2022.
             Was a Believer of Trog.
             Mangled by a gnoll shaman
             ... wielding a +0 whip
              (8 damage)
             ... on level 5 of the Dungeon.
             The game lasted 00:04:14 (6437 turns).

thiscave3701365 the Chopper (Minotaur Berserker)    Turns: 6437, Time: 00:04:15

Health: -7/62      AC: 11    Str: 24    XL:     7   Next: 75%
Magic:  6/6        EV:  9    Int:  4    God:    Trog [**....]
Gold:   203        SH:  0    Dex:  9    Spells: 6/6 levels left

rFire   . . .      SeeInvis .   a - +0 hand axe
rCold   . . .      Faith    .   (no shield)
rNeg    . . .      Spirit   .   p - +1 chain mail {rPois}
rPois   +          Reflect  .   (helmet restricted)
rElec   .          Harm     .   (no cloak)
rCorr   .          Rampage  .   (no gloves)
Will    .....                   (no boots)
Stlth   ..........              (no amulet)
HPRegen 0.20/turn               (no ring)
MPRegen 0.10/turn               (no ring)

@: on berserk cooldown
A: horns 2, retaliatory headbutt
a: Renounce Religion, Berserk, Trog's Hand


You were on level 5 of the Dungeon.
You worshipped Trog.
Trog was pleased with you.
You visited 1 branch of the dungeon, and saw 5 of its levels.

You collected 203 gold pieces.

Inventory:

Hand Weapons
 a - a +0 hand axe (weapon)
Missiles
 w - a throwing net
Armour
 b - a +0 animal skin
 i - a +0 scale mail
 p - a +1 chain mail of poison resistance (worn)
Jewellery
 s - a ring of protection from cold
Wands
 v - a wand of digging (3)
 x - a wand of charming (10)
Scrolls
 d - a scroll of immolation {unknown}
 e - 6 scrolls of identify {unknown}
 g - a scroll of blinking {unknown}
 h - 2 scrolls of fog {unknown}
 j - 2 scrolls of vulnerability {unknown}
 k - 2 scrolls of poison {unknown}
 q - a scroll of torment {unknown}
 r - a scroll of teleportation {unknown}
Potions
 c - a potion of brilliance {unknown}
 f - 2 potions of haste {unknown}
 l - a potion of might {unknown}
 m - a potion of ambrosia {unknown}
 n - a potion of magic {unknown}
 o - a potion of flight {unknown}
 t - a potion of heal wounds {unknown}
 u - a potion of mutation {unknown}


   Skills:
 + Level 5.8 Fighting
 + Level 7.4 Axes
 + Level 6.2 Armour
 + Level 3.6 Dodging
 + Level 1.0 Stealth


You had 6 spell levels left.
You didn't know any spells.
Your spell library was empty.

Dungeon Overview and Level Annotations

Branches:
Dungeon (5/15)             Temple (0/1) D:4

Altars:
Cheibriados
Gozag
Makhleb
Nemelex Xobeh
Okawaru
Uskayaw


Innate Abilities, Weirdness & Mutations

You have a pair of horns on your head.
You reflexively headbutt those who attack you in melee.


Message History

Unknown command.
You hit the gnoll shaman but do no damage.
You headbutt the gnoll shaman, but do no damage.
The gnoll shaman hits you with a +0 whip.
The gnoll hits you from afar with a +0 halberd!
The gnoll shaman hits you but does no damage.
You hit the gnoll shaman but do no damage.
You headbutt the gnoll shaman.
The gnoll shaman is lightly wounded.
The gnoll hits you from afar with a +0 halberd!
The gnoll barely misses you. The gnoll shaman barely misses you.
Unknown command.
You hit the gnoll shaman.
The gnoll shaman is moderately wounded.
You feel yourself speed up. The gnoll barely misses you.
The gnoll shaman closely misses you. The gnoll barely misses you.
The gnoll shaman hits you but does no damage.
Unknown command.
You hit the gnoll shaman.
The gnoll shaman is heavily wounded.
The gnoll hits you from afar with a +0 halberd! x2
* * * LOW HITPOINT WARNING * * *
You barely miss the gnoll shaman. Your headbutt misses the gnoll shaman.
The gnoll shaman is heavily wounded.
The gnoll shaman hits you but does no damage.
The gnoll hits you from afar with a +0 halberd.
* * * LOW HITPOINT WARNING * * *
You hit the gnoll shaman but do no damage.
You headbutt the gnoll shaman, but do no damage.
The gnoll shaman is heavily wounded.
The gnoll hits you from afar with a +0 halberd.
* * * LOW HITPOINT WARNING * * *
The gnoll shaman hits you with a +0 whip.
* * * LOW HITPOINT WARNING * * *
You hit the gnoll shaman but do no damage.
The gnoll shaman is heavily wounded.
The gnoll hits you but does no damage.
The gnoll shaman hits you with a +0 whip!
You die...

.....# #.#.......#
.....# #.#.#####.#
<....#####.#.### #.#
......##.......# #.#
##....##.#.#.#.###.#
#....##.#.#.#.#..)#
#######.#.#.#.#)###
#.#.#.#.#.#
#.#.#.#.#@#
#.#.#.#.#g#
########.#.#.#.#g#
............>..#.#
##.......#.#..<#.#
#†####..#.#.#.#.#
#.#.....#.#.#.#.#
#.#.....#.#.#.#.#
#.#######.#.#.#


You could see a gnoll shaman and a gnoll (fast).

Vanquished Creatures
  An ice beast (D:5)
  A black bear (D:5)
  2 ogres
  A phantom (D:5)
  2 orc priests (D:4)
  An iguana (D:3)
  4 orc wizards
  11 gnolls
  5 adders
  An ufetubus (D:4)
  A worm (D:5)
  24 orcs
  4 endoplasms
  3 giant cockroaches
  8 goblins
  4 hobgoblins
  3 jackals (D:1)
  A quokka (D:4)
  10 ball pythons
  A bat (D:3)
  3 frilled lizards
  5 kobolds
  7 rats
103 creatures vanquished.

Notes
Turn   | Place    | Note
-------+----------+-------------------------------------------
     0 | D:1      | thiscave3701365 the Minotaur Berserker began the quest for
                  | the Orb.
     0 | D:1      | Reached XP level 1. HP: 19/19 MP: 0/0
   346 | D:1      | Found a faded altar of an unknown god.
   613 | D:1      | Reached XP level 2. HP: 23/27 MP: 1/1
   614 | D:1      | Reached skill level 4 in Axes
  1276 | D:2      | Reached XP level 3. HP: 22/33 MP: 2/2
  1639 | D:2      | Reached XP level 4. HP: 41/41 MP: 3/3
  1852 | D:2      | Reached skill level 5 in Axes
  2542 | D:3      | Found a burning altar of Makhleb.
  2542 | D:3      | Found a hide-covered altar of Uskayaw.
  2875 | D:3      | Reached XP level 5. HP: 47/47 MP: 4/4
  3680 | D:4      | Reached skill level 5 in Fighting
  3835 | D:4      | Noticed an ogre
  3840 | D:4      | Killed an ogre
  3841 | D:4      | Reached skill level 6 in Axes
  3841 | D:4      | Reached XP level 6. HP: 37/56 MP: 5/5
  4498 | D:4      | Found an opulent altar of Gozag.
  4498 | D:4      | Found a sparkling altar of Nemelex Xobeh.
  4573 | D:4      | Found a staircase to the Ecumenical Temple.
  4829 | D:4      | Reached ** piety under Trog
  5210 | D:4      | Found a snail-covered altar of Cheibriados.
  5346 | D:4      | Found an iron altar of Okawaru.
  5783 | D:5      | Entered Level 5 of the Dungeon
  6079 | D:5      | Reached skill level 5 in Armour
  6079 | D:5      | Reached XP level 7. HP: 61/61 MP: 6/6
  6104 | D:5      | Reached skill level 7 in Axes
  6403 | D:5      | Reached skill level 1 in Stealth
  6436 | D:5      | HP: 1/62 [gnoll shaman/+0 whip (4)]
  6437 | D:5      | Mangled by a gnoll shaman

Illustrated notes

Levels and vault maps discovered:
D:1:      wander_arrival_lonely_grave, layout_basic,
          ebering_ecumenical_altar_rust
D:2:      layout_basic, minmay_misc_feat_tower, grunt_decor_mini_mirrors
D:3:      layout_basic, mainiacjoe_overflow_divided_tiny
D:4:      layout_loops_ring, grunt_temple_overflow_opulence,
          general_overflow_altar, mainiacjoe_overflow_24_doors, temple_doors_ab
D:5:      layout_basic, mainiacjoe_overflow_paths

Skill      XL: |  1  2  3  4  5  6  7 |
---------------+----------------------+-----
Axes           | 4 5 6 7 |  7.4
Fighting       | 4 5 |  5.8
Dodging        | 3 |  3.6
Armour         | 3 5 6 |  6.2
Stealth        | 1 |  1.0

Action                   |  1- 3 |  4- 6 |  7- 9 || total
-------------------------+-------+-------+-------++-------
Melee: Hand axe          |    61 |   137 |    44 ||   242
       Headbutt          |     6 |    19 |    10 ||    35
       Punch             |       |     2 |       ||     2
Invok: Berserk           |     4 |     8 |     1 ||    13
Armor: Animal skin       |     5 |       |       ||     5
       Scale mail        |     9 |     6 |       ||    15
       Chain mail        |       |    43 |    24 ||    67
Dodge: Dodged            |    36 |    49 |    21 ||   106

Table legend: (Time is in decaauts)
 A = Elapsed time spent in this place.
 B = Non-inter-level travel time spent in this place.
 C = Inter-level travel time spent in this place.
 D = Time resting spent in this place.
 E = Time spent auto-exploring this place.
 F = Levels seen in this place.
 G = Mean time per level.
                   A        B        C        D        E       F      G
               +--------+--------+--------+--------+--------+-----+--------+
         Total |   6553 |   6330 |    223 |   2408 |   3365 |   5 | 1310.6 |
       Dungeon |   6553 |   6330 |    223 |   2408 |   3365 |   5 | 1310.6 |
               +--------+--------+--------+--------+--------+-----+--------+

Top non-repeatable levels by time:
     D:3: 1997 daAuts
     D:4: 1578 daAuts
     D:1: 1171 daAuts
     D:2: 1131 daAuts
     D:5: 674 daAuts
